 Dungeon Crawl Stone Soup version 0.19-a0-993-g3130bb9 (webtiles) character file.

233 AlphabetPasta the Chopper (level 6, 0/51 HPs)
             Began as a Hill Orc Skald on July 16, 2016.
             Slain by Duvessa
             ... wielding a +0 rapier
              (6 damage)
             ... on level 3 of the Dungeon.
             The game lasted 00:15:04 (3688 turns).

AlphabetPasta the Chopper (Hill Orc Skald)          Turns: 3688, Time: 00:15:05

Health: 0/51       AC:  4    Str: 15    XL:     6   Next: 4%
Magic:  7/9        EV: 11    Int: 14    God:
Gold:   112        SH:  0    Dex: 10    Spells: 3 memorised, 4 levels left

rFire  . . .     SeeInvis .     a - +1 hand axe
rCold  . . .     Gourm    .     b - +0 leather armour
rNeg   . . .     Faith    .     (no shield)
rPois  .         Spirit   .     (no helmet)
rElec  .         Dismiss  .     (no cloak)
rCorr  .         Reflect  .     o - +0 pair of gloves
SustAt .         Harm     .     (no boots)
MR     .....                    (no amulet)
Stlth  +.........               (no ring)
                                (no ring)

@: not resistant to hostile enchantments, very unstealthy
A: no striking features
a: no special abilities


You were on level 3 of the Dungeon.
You were not hungry.

You visited 1 branch of the dungeon, and saw 4 of its levels.

You collected 112 gold pieces.

Inventory:

Hand Weapons
 a - a +1 hand axe (weapon)
Missiles
 e - 5 tomahawks (quivered)
Armour
 b - a +0 leather armour (worn)
 o - a +0 pair of gloves (worn)
Jewellery
 y - a cursed ring of teleportation {unknown}
Scrolls
 l - 2 scrolls of recharging
 m - 3 scrolls of random uselessness
 n - a scroll of enchant weapon
 t - a scroll of fear
Potions
 j - a potion of resistance {unknown}
 k - a potion of brilliance {unknown}
 p - a potion of flight
 q - a potion of heal wounds {unknown}
 r - a potion of cancellation {unknown}
 u - a potion of lignification {unknown}
 z - a potion of degeneration {unknown}
Books
 c - a book of Battle

   Spells                             Type                      Level
   a - Infusion                       Charms                       1
   b - Shroud of Golubria             Charms/Translocation         2
   c - Song of Slaying                Charms                       2
   d - Spectral Weapon                Hexes/Charms                 3
   e - Regeneration                   Charms/Necromancy            3
Comestibles
 d - 2 bread rations
 f - a fruit
 g - a slice of pizza
 w - a meat ration


   Skills:
 + Level 3.2 Fighting
 * Level 4.9 Axes
 + Level 2.1 Armour
 + Level 1.7 Dodging
 + Level 2.3 Spellcasting
 + Level 3.2 Charms
 + Level 1.0 Translocations


You had 4 spell levels left.
You knew the following spells:

 Your Spells              Type           Power        Failure   Level  Hunger
a - Infusion              Chrm           ##..         10%         1    #......
b - Shroud of Golubria    Chrm/Tloc      #.........   21%         2    ###....
c - Song of Slaying       Chrm           ##......     14%         2    ###....


Dungeon Overview and Level Annotations

Branches:
Dungeon (4/15)
 Temple: D:4-7

Altars:

Annotations:
D:3 Dowan, Duvessa


Message History

Duvessa hits you with a rapier.
You closely miss Duvessa.
Duvessa is severely wounded.
Duvessa hits you with a rapier!
* * * LOW HITPOINT WARNING * * *
You hit Duvessa but do no damage.
Duvessa is severely wounded.
Duvessa gestures with her weapon.
Duvessa hits you with a rapier.
* * * LOW HITPOINT WARNING * * *
Dowan casts a spell at you. You resist with some effort.
Duvessa drinks a potion.
Duvessa is healed!
You climb upwards.
There is a stone staircase leading down, spattered with blood here.
You barely miss Duvessa.
Duvessa is heavily wounded.
You hit Dowan but do no damage. Dowan hits you with a dagger.
* * * LOW HITPOINT WARNING * * *
Duvessa hits you with a rapier.
You die...

#######.# #.# #.#
#.# #.# #.#######
#.# #.......## #.#
####.....#### #.#
#..#.....# #.#
#.#_#.)#..
#.#########..#...###
#.e@e............###
###########........#
########.# #.. ###


You could see Duvessa and Dowan.

Vanquished Creatures
  A centaur skeleton (D:4)
  A hound (D:4)
  An orc wizard (D:3)
  A worker ant (D:3)
  3 adders
  An ooze (D:3)
  A dart slug (D:1)
  A worm (D:3)
  6 giant geckos
  7 orcs (D:3)
  7 bats
  4 giant cockroaches
  3 goblins
  6 hobgoblins
  9 jackals (D:1)
  4 kobolds
  A quokka (D:2)
  2 ball pythons (D:2)
  7 giant newts
  4 rats
70 creatures vanquished.

Notes
Turn   | Place    | Note
-------+----------+-------------------------------------------
     0 | D:1      | AlphabetPasta the Hill Orc Skald began the quest for the Orb.
     0 | D:1      | Reached XP level 1. HP: 18/18 MP: 3/3
   127 | D:1      | Reached XP level 2. HP: 15/25 MP: 4/4
   144 | D:1      | Learned a level 2 spell: Shroud of Golubria
   207 | D:1      | Reached skill level 3 in Axes
   509 | D:1      | Reached skill level 1 in Dodging
   572 | D:1      | Reached XP level 3. HP: 11/30 MP: 2/6
  1305 | D:2      | Learned a level 2 spell: Song of Slaying
  1534 | D:2      | Reached XP level 4. HP: 31/37 MP: 2/7
  1926 | D:3      | Found a faded altar of an unknown god.
  2063 | D:3      | Reached skill level 4 in Axes
  2531 | D:3      | Reached XP level 5. HP: 43/44 MP: 8/8
  2865 | D:4      | Noticed Duvessa
  2865 | D:4      | Noticed Dowan
  2968 | D:4      | Reached skill level 1 in Translocations
  3138 | D:4      | Learned a level 2 spell: Song of Slaying
  3401 | D:3      | Reached XP level 6. HP: 5/51 MP: 4/9
  3688 | D:3      | Slain by Duvessa

Vault maps used:
D:1:      tarquinn_simple_flora_water_f, corexii_item_surrounded_by_moat
D:3:      ecumenical_altar_1, first_bread
D:4:      grunt_ministairs_10, uniq_duvessa

Skill      XL: |  1  2  3  4  5 |
---------------+----------------+-----
Axes           | 3 4 |  4.9
Dodging        | 1 |  1.7
Spellcasting   | 2 |  2.3
Charms         | 3 |  3.2
Fighting       | 3 |  3.2
Armour         | 2 |  2.1
Translocations | 1 |  1.0

Action                   |  1- 3 |  4- 6 || total
-------------------------+-------+-------++-------
Melee: Hand axe          |   155 |   167 ||   322
Throw: Tomahawk          |     4 |     6 ||    10
 Cast: Infusion          |     6 |    13 ||    19
       Shroud of Golubri |       |     3 ||     3
  Use: Scroll            |       |     9 ||     9
       Potion            |       |     2 ||     2
  Eat: Chunk             |     2 |     7 ||     9
       Fruit             |       |     1 ||     1
Armor: Leather armour    |    50 |    32 ||    82
Dodge: Dodged            |    97 |    92 ||   189
